 Dungeon Crawl Stone Soup version 0.18.1-50-g88ac8fd (webtiles) character file.

1936 nikopol the Fighter (level 8, 0/74 HPs)
             Began as a Minotaur Berserker on Oct 13, 2016.
             Was an Elder of Trog.
             Succumbed to a killer bee's poison
             ... on level 6 of the Dungeon.
             The game lasted 00:16:34 (5437 turns).

nikopol the Fighter (Minotaur Berserker)            Turns: 5437, Time: 00:16:34

Health: 0/74       AC:  9    Str: 28    XL:     8   Next: 97%
Magic:  7/7        EV: 14    Int:  4    God:    Trog [****..]
Gold:   321        SH:  0    Dex: 16    Spells: 0 memorised, 7 levels left

rFire  . . .     SeeInvis .     a - +0 hand axe
rCold  . . .     Gourm    .     o - +0 scale mail
rNeg   . . .     Faith    .     (no shield)
rPois  .         Spirit   .     (helmet restricted)
rElec  .         Dismiss  .     (no cloak)
rCorr  .         Reflect  .     m - +0 pair of gloves
SustAt .         Harm     .     (no boots)
MR     ++...                    (no amulet)
Stlth  ..........               j - +5 ring of dexterity
                                i - +5 ring of strength

@: lethally poisoned (0 -> -4), exhausted, regenerating, slowed, very slow, very
resistant to hostile enchantments, extremely unstealthy
A: retaliatory headbutt, horns 2
a: Berserk, Trog's Hand, Brothers in Arms, Burn Spellbooks, Renounce Religion


You were on level 6 of the Dungeon.
You worshipped Trog.
Trog was greatly pleased with you.
You were very hungry.

You visited 1 branch of the dungeon, and saw 7 of its levels.
You also visited: Ossuary.

You collected 321 gold pieces.

Inventory:

Hand Weapons
 a - a +0 hand axe (weapon)
Missiles
 f - 108 arrows (quivered)
Armour
 b - a +0 animal skin
 d - a +0 pair of gloves
 l - a +0 leather armour
 m - a +0 pair of gloves (worn)
 o - a +0 scale mail (worn)
 p - a +1 pair of gloves
Jewellery
 i - a +5 ring of strength (left hand)
 j - a +5 ring of dexterity (right hand)
 q - an uncursed ring of protection from magic {unknown}
 v - a cursed -3 ring of intelligence {unknown}
 D - a +3 amulet of reflection {unknown}
 E - an uncursed amulet of regeneration {unknown}
Wands
 I - a wand of acid (4/15)
Scrolls
 e - 12 scrolls of identify
 g - 2 scrolls of remove curse
 y - 3 scrolls of enchant armour {unknown}
 H - 2 scrolls of blinking
Potions
 k - 2 potions of invisibility
 n - 2 potions of brilliance {unknown}
 r - 4 potions of curing {unknown}
 s - 3 potions of cancellation
 t - 3 potions of degeneration {unknown}
 u - 2 potions of lignification {unknown}
 w - a potion of resistance {unknown}
 x - 2 potions of magic {unknown}
 z - a potion of flight {unknown}
 A - a potion of beneficial mutation {unknown}
 B - 4 potions of haste {unknown}
 C - a potion of agility {unknown}
 F - a potion of might {unknown}
 G - a potion of heal wounds {unknown}
Comestibles
 c - 4 bread rations
 h - 5 meat rations
 J - 9 fruits
 K - a slice of pizza
 L - 2 chunks of flesh


   Skills:
 + Level 8.1 Fighting
 + Level 7.8 Axes
 + Level 7.3 Armour
 + Level 6.5 Dodging


You had 7 spell levels left.
You didn't know any spells.

Dungeon Overview and Level Annotations

Branches:
Dungeon (7/15)
 Temple: D:4-7

Altars:
Cheibriados
Elyvilon
Fedhas
Kikubaaqudgha
Makhleb
Qazlal
Trog
Vehumet
Xom
Yredelemnul

Shops:
D:4 (


Innate Abilities, Weirdness & Mutations

You reflexively headbutt those who attack you in melee.
You have a pair of horns on your head.


Message History

You kill the adder!
Trog accepts your kill.
* * * LOW HITPOINT WARNING * * *
You feel sick.
* * * LOW HITPOINT WARNING * * *
You feel sick.
You feel a strong urge to attack something.
* * * LOW HITPOINT WARNING * * *
You feel sick.
You are no longer berserk.
Trog's vigour flows through your veins.
You are exhausted.
You feel yourself slow down.
You are feeling very hungry.
* * * LOW HITPOINT WARNING * * *
You feel sick.
Your skin crawls.
You feel resistant to hostile enchantments.
You feel slightly more hungry.
You die...

#'#####..........#.....# #.#
#..........#.....# #.#
#..........#.....####### ## #.#
#...........))...'.....###. ..#
#.........#......#####.....
#######..[......#......#..<#.####
.....##.........#..###.#.###.#
.###.###########..># #.#.....#
.###.# #@### #.#.##### .#<..# #.#
#.#...# .##### #.# ###.#...# .#
####.# #...#.### .#
#....###.##### .# #.##.....# .#
#...#.#### ## ###.#.# #...#


There were no monsters in sight!

Vanquished Creatures
  A water moccasin (D:7)
  An ice beast (D:6)
  An orc warrior (D:6)
  A phantom (D:5)
  An ogre (D:4)
  A centaur (D:6)
  3 water moccasin zombies
  A wyvern skeleton (D:7)
  A scorpion (D:5)
  A howler monkey (D:4)
  5 killer bees (D:7)
  A giant frog zombie (D:5)
  2 jellies
  A giant frog skeleton (D:5)
  2 orc priests (D:7)
  4 orc wizards
  An iguana (D:7)
  5 worker ants
  3 hell rats (D:6)
  3 big kobold zombies (Ossuary)
  2 mummies (Ossuary)
  2 gnolls (D:5)
  5 adders
  6 river rats (D:6)
  3 shadow imps
  An ooze (D:1)
  2 adder zombies (Ossuary)
  A worm (D:3)
  3 dart slugs
  6 giant geckos
  12 orcs
  2 ball pythons
  4 giant cockroaches
  2 gnoll zombies (Ossuary)
  4 goblins
  10 hobgoblins
  4 jackals (D:2)
  3 kobolds
  5 quokkas
  3 bats
  4 giant newts
  9 hobgoblin zombies (Ossuary)
  4 kobold zombies (Ossuary)
  7 orc zombies (Ossuary)
  A quokka skeleton (D:5)
  29 rats
173 creatures vanquished.

Notes
Turn   | Place    | Note
--------------------------------------------------------------
     0 | D:1      | nikopol the Minotaur Berserker began the quest for the Orb.
     0 | D:1      | Reached XP level 1. HP: 19/19 MP: 0/0
    78 | D:1      | Reached XP level 2. HP: 13/27 MP: 1/1
   755 | D:2      | Reached XP level 3. HP: 33/33 MP: 2/2
   938 | D:2      | Found a basalt altar of Yredelemnul.
   982 | D:2      | Reached ** piety under Trog
  1061 | D:2      | Reached skill level 4 in Fighting
  1401 | D:3      | Reached XP level 4. HP: 40/40 MP: 3/3
  2038 | D:4      | Reached XP level 5. HP: 43/47 MP: 4/4
  2042 | D:4      | Reached *** piety under Trog
  2045 | D:4      | Reached skill level 5 in Fighting
  2045 | D:4      | Reached skill level 5 in Axes
  2102 | D:4      | Noticed an ogre
  2109 | D:4      | Killed an ogre
  2109 | D:4      | Reached XP level 6. HP: 37/56 MP: 5/5
  2265 | D:4      | Found Zuoteag's Weapon Boutique.
  2439 | D:4      | Found a snail-covered altar of Cheibriados.
  2460 | D:4      | Found a shimmering altar of Xom.
  2540 | D:4      | Found a burning altar of Makhleb.
  2730 | D:5      | Entered Level 5 of the Dungeon
  2807 | D:5      | Reached skill level 5 in Armour
  3045 | D:5      | Reached XP level 7. HP: 50/62 MP: 6/6
  3273 | D:5      | Reached skill level 6 in Fighting
  3383 | D:5      | Found a sand-covered staircase.
  3392 | Ossuary  | Entered an ossuary
  3679 | Ossuary  | Reached skill level 5 in Dodging
  4053 | D:5      | Reached XP level 8. HP: 67/71 MP: 7/7
  4304 | D:6      | Found a stormy altar of Qazlal.
  4307 | D:6      | Found a radiant altar of Vehumet.
  4321 | D:6      | Found a white marble altar of Elyvilon.
  4335 | D:6      | Found a bloodstained altar of Trog.
  4594 | D:6      | Found a blossoming altar of Fedhas.
  4596 | D:6      | Found an ancient bone altar of Kikubaaqudgha.
  4622 | D:6      | Reached skill level 7 in Fighting
  4731 | D:6      | Reached **** piety under Trog
  5428 | D:7      | Reached skill level 8 in Fighting
  5434 | D:6      | HP: 4/111 [poisoned by a killer bee]
  5436 | D:6      | HP: 1/74 [poisoned by a killer bee]
  5437 | D:6      | Succumbed to a killer bee's poison

Skill      XL: |  1  2  3  4  5  6  7  8 |
---------------+-------------------------+-----
Axes           | 4 5 6 7 |  7.8
Armour         | 3 4 5 6 7 |  7.3
Fighting       | 4 5 6 8 |  8.1
Dodging        | 3 4 5 6 |  6.5

Action                   |  1- 3 |  4- 6 |  7- 9 || total
-------------------------+-------+-------+-------++-------
Melee: Hand axe          |    64 |    99 |   201 ||   364
       Headbutt          |     9 |    25 |    59 ||    93
Invok: Burn Spellbooks   |       |       |     1 ||     1
       Berserk           |       |       |     3 ||     3
       Trog's Hand       |       |       |     1 ||     1
  Use: Scroll            |       |    10 |       ||    10
  Eat: Chunk             |     1 |     4 |     7 ||    12
       Bread ration      |       |       |     1 ||     1
Armor: Animal skin       |     2 |       |       ||     2
       Scale mail        |    23 |    36 |    62 ||   121
Dodge: Dodged            |    36 |    40 |   126 ||   202
